 Dungeon Crawl Stone Soup version 0.21.1-1-g345015fe64 (webtiles) character file.

171 DildoBatman the Sneak (level 5, 0/42 HPs)
             Began as a Formicid Enchanter on Apr 17, 2018.
             Splashed by Ijyb's acid (9 damage)
             ... on level 3 of the Dungeon.
             The game lasted 00:06:59 (3075 turns).

DildoBatman the Sneak (Formicid Enchanter)          Turns: 3075, Time: 00:07:00

Health: 0/42       AC:  0    Str: 14    XL:     5   Next: 81%
Magic:  8/8        EV: 12    Int: 14    God:
Gold:   109        SH:  0    Dex: 11    Spells: 4/8 levels left

rFire    . . .     SeeInvis +   a - +1 short sword (drain)
rCold    . . .     Gourm    .   (no shield)
rNeg     . . .     Faith    .   w - +0 leather armour
rPois    .         Spirit   .   (helmet unavailable)
rElec    .         Reflect  .   (no cloak)
rCorr    .         Harm     .   (no gloves)
MR       .....                  (no boots)
Stlth    ++........             (no amulet)
HPRegen  0.14/turn              (no ring)
MPRegen  0.11/turn              (no ring)

@: corroded
A: permanent stasis, dig shafts and tunnels, four strong arms, antennae 3
a: Dig, Shaft Self


You were on level 3 of the Dungeon.
You were not hungry.

You visited 1 branch of the dungeon, and saw 3 of its levels.

You collected 109 gold pieces.

Inventory:

Hand Weapons
 a - a +1 short sword of draining (weapon)
 b - a +0 mace
 i - a +1 dagger
Missiles
 f - 58 stones (quivered)
 l - 41 bolts
 p - 17 sling bullets
 u - a throwing net
Armour
 w - a +0 leather armour (worn)
 x - a cursed +0 robe
Wands
 q - a wand of random effects (26)
Scrolls
 d - a scroll of fog {unknown}
 e - 2 scrolls of noise {unknown}
 j - a scroll of enchant armour {unknown}
 k - a scroll of enchant weapon {unknown}
 m - 8 scrolls of identify {unknown}
 n - 3 scrolls of fear {unknown}
 o - 4 scrolls of remove curse {unknown}
 t - a scroll of teleportation {unknown}
 y - a scroll of immolation {unknown}
Potions
 g - a potion of flight {unknown}
 h - 2 potions of heal wounds {unknown}
 r - 2 potions of lignification {unknown}
 s - a potion of haste {unknown}
Books
 c - a book of Maledictions

   Spells                             Type                      Level
   a - Corona                         Hexes                        1
   b - Ensorcelled Hibernation        Hexes/Ice                    2
   c - Confuse                        Hexes                        3
   d - Tukima's Dance                 Hexes                        3
   e - Dazzling Spray                 Conjuration/Hexes            3
Comestibles
 v - 6 rations
 z - 2 chunks of flesh


   Skills:
 * Level 4.0 Fighting
 - Level 1.0 Short Blades
 * Level 3.0 Armour
 - Level 2.0 Dodging
 - Level 4.0 Stealth
 - Level 2.1 Spellcasting
 - Level 3.6 Hexes


You had 4 spell levels left.
You knew the following spells:

 Your Spells              Type           Power        Failure   Level  Hunger
a - Corona                Hex            ##.....      6%          1    #......
b - Confuse               Hex            ##......     19%         3    ###....


Dungeon Overview and Level Annotations

Branches:
Dungeon (3/15)

Altars:
Yredelemnul

Annotations:
D:2 1 runed door, exclusions: door and human, Terence
D:3 Ijyb


Innate Abilities, Weirdness & Mutations

You cannot be hasted, slowed, berserked, paralysed or teleported.
You can dig through walls and to a lower floor.
Your four strong arms can wield two-handed weapons with a shield.
You have a pair of large antennae on your head. (SInv)


Message History

You are feeling very hungry.
z - 3 chunks of flesh
Items here: ))) [ ÷ † You butcher the kobold corpse.
Eating one of 3 chunks of flesh.
You eat one of the 3 chunks of flesh.
f - 58 stones (gained 1)
There is a stone staircase leading up here.
You now have 109 gold pieces (gained 3).
v - 6 rations (gained 1)
You see here a dagger.
There is a stone staircase leading down here.
Ijyb shouts!
Ijyb zaps a wand.
The bolt of acid hits you!
Ouch! That really hurt!
The acid corrodes you!
You are splashed with acid!
The acid burns!
You die...

............##.##..#..#.##
#...#.
g......#####...##....##..#
#..### ....###
##.####...####.###..###
#...##
#..####....###.#.....).
.....#
###.......g.>......##....
...#..
.....###.##..#..#..##....
.#...#
#..<.[###.##>..###....
.#.#.#
###..####g###....#....
##.#.####
#..@....###..#......
#.#....#
#.##.........###....
#...##.## #.##.#######<#
#.... ###.##..#####....#
#.# #.... #.###....#...###
####.###.### #.#
##...).### #.#..##..#
####.####....## ##)#.##.##
........####)##
###.##.####
..............#
#..........


You could see Ijyb.

Vanquished Creatures
  A bullfrog skeleton (D:3)
  Robin (D:2)
  2 adders (D:2)
  2 oozes (D:1)
  2 worms (D:2)
  A leopard gecko (D:1)
  4 orcs (D:3)
  A ball python (D:1)
  9 bats
  2 giant cockroaches
  23 goblins
  13 hobgoblins
  3 jackals (D:3)
  12 kobolds
  2 quokkas (D:2)
  3 frilled lizards
  A goblin zombie (D:2)
  5 rats
87 creatures vanquished.

Notes
Turn   | Place    | Note
-------+----------+-------------------------------------------
     0 | D:1      | DildoBatman the Formicid Enchanter began the quest for the Orb.
     0 | D:1      | Reached XP level 1. HP: 13/13 MP: 3/3
   119 | D:1      | Reached skill level 1 in Fighting
   129 | D:1      | Reached XP level 2. HP: 6/21 MP: 5/5
   601 | D:1      | Reached XP level 3. HP: 27/28 MP: 6/6
   606 | D:1      | Learned a level 3 spell: Confuse
  1242 | D:2      | Noticed Robin
  1248 | D:2      | Reached XP level 4. HP: 32/35 MP: 7/7
  1262 | D:2      | Reached skill level 1 in Armour
  1313 | D:2      | Killed Robin
  1728 | D:2      | Noticed Terence
  1857 | D:2      | Reached XP level 5. HP: 40/41 MP: 6/8
  1886 | D:2      | Found a runed door.
  1886 | D:2      | Noticed a human
  1893 | D:2      | Found a basalt altar of Yredelemnul.
  2103 | D:3      | Noticed Ijyb
  2112 | D:3      | HP: 1/41 [acid (16)]
  3075 | D:3      | Splashed by Ijyb's acid

Skill      XL: |  1  2  3  4  5 |
---------------+----------------+-----
Fighting       | 1 2 3 4 |  4.0
Dodging        | 2 |  2.0
Armour         | 2 3 |  3.0
Stealth        | 4 |  4.0
Short Blades   | |  1.0
Spellcasting   | |  2.1
Hexes          | |  3.6

Action                   |  1- 3 |  4- 6 || total
-------------------------+-------+-------++-------
Melee: Short sword       |    76 |   147 ||   223
       Dagger            |     6 |       ||     6
 Cast: Corona            |     4 |    30 ||    34
 Abil: Dig               |       |     3 ||     3
 Stab: Sleeping          |     5 |     3 ||     8
  Eat: Chunk             |     1 |     7 ||     8
Armor: Robe              |    16 |    10 ||    26
       Leather armour    |       |     9 ||     9
Dodge: Dodged            |    50 |    81 ||   131
